 Dungeon Crawl Stone Soup version 0.27-a0-1196-g3e9cee4cb2 (webtiles) character file.

Game seed: 1502382446924715691

258 Glokmah the Chucker (level 6, -1/66 HPs)
             Began as an Ogre Hunter on May 29, 2021.
             Was a Believer of Lugonu.
             Slain by an ogre
             ... wielding a +0 giant club
              (4 damage)
             ... on level 4 of the Dungeon.
             The game lasted 00:06:52 (4732 turns).

Glokmah the Chucker (Ogre Hunter)                   Turns: 4732, Time: 00:06:53

Health: -1/66      AC:  3    Str: 17    XL:     6   Next: 16%
Magic:  0/7        EV: 10    Int: 12    God:    Lugonu [**....]
Gold:   261        SH:  0    Dex: 11    Spells: 5/5 levels left

rFire    . . .     SeeInvis .   a - +1 long sword (holy)
rCold    . . .     Faith    .   (no shield)
rNeg     . . .     Spirit   +   b - +0 robe
rPois    .         Reflect  .   (helmet restricted)
rElec    .         Harm     .   (no cloak)
rCorr    +         Rampage  .   (gloves unavailable)
Will     .....                  (boots unavailable)
Stlth    +.........             k - amulet of guardian spirit
HPRegen  0.21/turn              m - ring of resist corrosion
MPRegen  0.10/turn              (no ring)

@: no status effects
A: large, unfitting armour, tough skin 1
a: Renounce Religion, Depart the Abyss, Bend Space


You were on level 4 of the Dungeon.
You worshipped Lugonu.
Lugonu was pleased with you.
You visited 1 branch of the dungeon, and saw 4 of its levels.

You collected 261 gold pieces.

Inventory:

Hand Weapons
 a - a +1 long sword of holy wrath (weapon)
Armour
 b - a +0 robe (worn)
Jewellery
 k - an amulet of guardian spirit (around neck)
 m - a ring of resist corrosion (left hand)
Scrolls
 e - 2 scrolls of vulnerability {unknown}
 h - 2 scrolls of teleportation {unknown}
 j - 2 scrolls of enchant weapon {unknown}
 l - a scroll of fog {unknown}
 n - a scroll of immolation {unknown}
 o - a scroll of amnesia {unknown}
 p - 2 scrolls of identify {unknown}
Potions
 f - a potion of cancellation {unknown}
 g - a potion of heal wounds {unknown}
 i - a potion of might {unknown}
 q - a potion of invisibility {unknown}
 r - 2 potions of curing {unknown}


   Skills:
 + Level 5.0 Fighting
 * Level 6.1 Throwing
 - Level 1.7 Dodging
 - Level 0.6 Stealth
 + Level 1.6 Invocations


You had 5 spell levels left.
You didn't know any spells.
Your spell library contained the following spells:

 Spells                   Type           Power      Damage    Failure   Level
 Summon Small Mammal      Summ           0%         N/A       32%         1
 Call Imp                 Summ           0%         N/A       45%         2
 Call Canine Familiar     Summ           0%         N/A       69%         3
 Summon Guardian Golem    Hex/Summ       0%         N/A       69%         3
 Summon Ice Beast         Ice/Summ       0%         N/A       97%         4
 Summon Lightning Spire   Summ/Air       0%         N/A       97%         4


Dungeon Overview and Level Annotations

Branches:
Dungeon (4/15)             Temple (0/1) D:4

Altars:
Gozag
Ru
Lugonu

Shops:
D:4 !

Annotations:
D:4 2 transporters, feta's ghost, amateur HOFi


Innate Abilities, Weirdness & Mutations

You are too large for most types of armour.
You have tough skin. (AC +1)


Message History

The ogre closely misses you.
Throw: large rock
Press: ? - help, Q - select action, (/) - cycle Shift-Dir - straight line, f/p - ogre
Aim: an ogre, wielding a +0 giant club (severely wounded, 76% to hit)
You throw a large rock. The large rock hits the ogre.
The ogre is severely wounded.
The ogre barely misses you.
You riposte.
You barely miss the ogre.
The ogre is severely wounded.
The ogre hits you with a +0 giant club!
* * * LOW HITPOINT WARNING * * *
Throw: 2 throwing nets
Press: ? - help, Q - select action, (/) - cycle Shift-Dir - straight line, f/p - ogre
Aim: an ogre, wielding a +0 giant club (severely wounded, 76% to hit)
You throw a throwing net.
The throwing net completely misses the ogre.
Throw: throwing net
Press: ? - help, Q - select action, (/) - cycle Shift-Dir - straight line, f/p - ogre
Aim: an ogre, wielding a +0 giant club (severely wounded, 76% to hit)
You throw a throwing net. The throwing net hits the ogre.
The ogre is caught in the net!
The ogre is severely wounded.
The ogre struggles against the net.
You hit the ogre but do no damage.
The ogre is severely wounded.
The ogre struggles against the net.
You hit the ogre but do no damage.
The ogre is severely wounded.
The ogre struggles against the net. x2
You hit the ogre.
The ogre is almost dead.
The ogre struggles against the net.
You hit the ogre but do no damage.
The ogre is almost dead.
The ogre struggles against the net.
The net rips apart, and the ogre comes free!
The ogre barely misses you.
You hit the ogre.
The ogre is almost dead.
The ogre hits you with a +0 giant club.
You die...

..........#... #.#.. #.#....)##
..................... ...........
.#.#.#....#....# .#.. ##.#.......
................ .. ...........
..........#....# .# ..........##
...............# .# ###.#.....#
######....##...# .# #.#......
#....##...##.##.# #......
######....##....@O..(# .....^...
....⌠.⌠....#...##................
..##.∩..#.##...# ##..###.###.....
#⌠.⌠.#.##...# .# ##...#.##...# #
#######.#.##..#####.
....................
#######.#....####### #.####.#


You could see an ogre.

Vanquished Creatures
  An ogre (D:4)
  A centaur skeleton (D:4)
  A howler monkey skeleton (D:4)
  4 adders
  2 worms (D:2)
  3 dart slugs
  2 orcs (D:3)
  4 endoplasms
  3 giant cockroaches
  6 goblins
  11 hobgoblins
  15 jackals
  4 quokkas
  5 ball pythons
  6 bats
  2 frilled lizards
  6 kobolds
  9 rats
85 creatures vanquished.

Notes
Turn   | Place    | Note
-------+----------+-------------------------------------------
     0 | D:1      | Glokmah the Ogre Hunter began the quest for the Orb.
     0 | D:1      | Reached XP level 1. HP: 22/22 MP: 1/1
    90 | D:1      | HP: 1/23 [dart slug/slug dart (2)]
    91 | D:1      | Reached XP level 2. HP: 2/31 MP: 2/2
   790 | D:1      | Reached XP level 3. HP: 35/37 MP: 3/3
  1050 | D:1      | Found a faded altar of an unknown god.
  1058 | D:1      | Became a worshipper of Lugonu the Unformed
  1058 | D:1      | Reached * piety under Lugonu
  1058 | D:1      | Reached ** piety under Lugonu
  1399 | D:2      | Reached skill level 5 in Throwing
  1517 | D:2      | Reached XP level 4. HP: 15/48 MP: 2/4
  3447 | D:3      | Found a sacrificial altar of Ru.
  3477 | D:3      | Reached XP level 5. HP: 54/54 MP: 5/5
  3567 | D:3      | Reached *** piety under Lugonu
  3976 | D:4      | Noticed an ogre
  3977 | D:4      | Killed an ogre
  3978 | D:4      | Reached skill level 6 in Throwing
  3978 | D:4      | Reached skill level 1 in Invocations
  4153 | D:4      | Reached XP level 6. HP: 59/65 MP: 7/7
  4208 | D:4      | Found a staircase to the Ecumenical Temple.
  4367 | D:4      | Noticed feta's ghost (amateur HOFi)
  4372 | D:4      | Found a transporter.
  4434 | D:4      | Found an opulent altar of Gozag.
  4477 | D:4      | Found a transporter.
  4655 | D:4      | Reached skill level 5 in Fighting
  4693 | D:4      | Found Hatun's Distillery.
  4725 | D:4      | HP: 1/66 [ogre/+0 giant club (8)]
  4732 | D:4      | Slain by an ogre

Illustrated notes

Levels and vault maps discovered:
D:1:      minmay_arrival_jagged, layout_rooms,
          shapermc_ecumenical_altar_mp_ritualfount, minmay_tetromino_o4
D:2:      layout_basic, serial_corexii_hall, corexii_hall_statues_u,
          corexii_hall_statues_x, corexii_hall_statues_i, minmay_pentomino_pile
D:3:      layout_basic, general_overflow_altar, minmay_misc_feat_iff
D:4:      cheibrodos_quashed, layout_basic, grunt_gozag_breadcrumbs,
          minmay_temple_entry_antechambers, serial_shops, shop_fountains,
          gammafunk_ghost_arena, kennysheep_another_room

Skill      XL: |  1  2  3  4  5  6 |
---------------+-------------------+-----
Fighting       | 3 4 5 |  5.0
Throwing       | 5 6 |  6.1
Invocations    | 1 |  1.6
Dodging        | |  1.7
Stealth        | |  0.6

Action                   |  1- 3 |  4- 6 || total
-------------------------+-------+-------++-------
Melee: Short sword       |    24 |       ||    24
       Long sword        |    92 |   109 ||   201
Throw: Large rock        |     8 |     7 ||    15
       Throwing net      |       |     2 ||     2
 Stab: Sleeping          |     1 |     1 ||     2
Armor: Robe              |    61 |    30 ||    91
Dodge: Dodged            |    77 |    64 ||   141
       Rpst.: Long sword |    19 |    19 ||    38

Table legend: (Time is in decaauts)
 A = Elapsed time spent in this place.
 B = Non-inter-level travel time spent in this place.
 C = Inter-level travel time spent in this place.
 D = Time resting spent in this place.
 E = Time spent auto-exploring this place.
 F = Levels seen in this place.
 G = Mean time per level.
                   A        B        C        D        E       F      G
               +--------+--------+--------+--------+--------+-----+--------+
         Total |   4828 |   4544 |    284 |    458 |   3267 |   4 | 1207.0 |
       Dungeon |   4828 |   4544 |    284 |    458 |   3267 |   4 | 1207.0 |
               +--------+--------+--------+--------+--------+-----+--------+

Top non-repeatable levels by time:
     D:2: 1448 daAuts
     D:1: 1422 daAuts
     D:3: 1181 daAuts
     D:4: 775 daAuts
